 Dungeon Crawl Stone Soup version 0.31-a0-920-g28cbb04a8c (webtiles) character file.

Game seed: 12791341009426944378

2998 croobank the Covert (level 9, 0/74 HPs)
             Began as a Gnoll Delver on Oct 17, 2023.
             Was an Initiate of Gozag.
             Slain by a slime creature (15 damage)
             ... on level 8 of the Dungeon.
             The game lasted 00:25:57 (9176 turns).

croobank the Covert (Gnoll Delver)                  Turns: 9176, Time: 00:25:58

Health: 0/74       AC:  6    Str: 12    XL:     9   Next: 84%
Magic:  25/25      EV: 14    Int: 13    God:    Gozag
Gold:   125        SH:  0    Dex: 14    Spells: 14/17 levels left

rFire   . . .        a - +4 short sword
rCold   . . .        (no shield)
rNeg    . . .        H - +0 leather armour
rPois   .            (no helmet)
rElec   .            J - +0 cloak
rCorr   .            (no gloves)
SInv    .            h - +0 pair of boots
Will    .....        e - amulet of magic regeneration
Stlth   ++++         l - ring of magical power
HPRegen 0.32/turn    B - +4 ring of slaying
MPRegen 0.59/turn

%: no passive effects
@: mighty
A: fangs 1, strong nose, distributed training
a: Renounce Religion, Potion Petition, Call Merchant, Bribe Branch


You were on level 8 of the Dungeon.
You worshipped Gozag.
Gozag was aware of your devotion.
You visited 2 branches of the dungeon, and saw 9 of its levels.

You collected 513 gold pieces.
You spent 260 gold pieces at shops.
You paid 128 gold pieces to Gozag.

Inventory:

Hand Weapons
 a - a +4 short sword (weapon)
 b - a +1 shortbow of draining
 d - a +0 morningstar
 f - a +2 mace of draining
 j - a +0 dagger
 x - a +1 heavy war axe
 E - a +3 mace of draining
Missiles
 r - a throwing net
 w - 2 poisoned darts
Armour
 h - a +0 pair of boots (worn)
 k - a +0 ring mail
 F - a +1 chain mail of willpower
 H - a +0 leather armour (worn)
 J - a +0 cloak (worn)
Magical Staves
 p - a staff of poison
Jewellery
 e - an amulet of magic regeneration (around neck)
 l - a ring of magical power (left hand)
 B - a +4 ring of slaying (right hand)
Talismans
 m - a flux talisman
Wands
 g - a wand of digging (1)
 o - a wand of iceblast (14)
Scrolls
 c - 2 scrolls of fog
 n - a scroll of poison
 q - 3 scrolls of blinking
 u - a scroll of revelation
 y - a scroll of immolation
 C - 2 scrolls of silence
 D - 2 scrolls of identify
Potions
 i - a potion of ambrosia
 t - a potion of invisibility
 v - 2 potions of enlightenment
 z - 2 potions of attraction
 A - 2 potions of heal wounds
 G - a potion of mutation


   Skills:
 + Level 8.1 Fighting
 + Level 6.6 Short Blades
 + Level 4.7 Long Blades
 + Level 4.7 Axes
 + Level 4.7 Maces & Flails
 + Level 4.7 Polearms
 + Level 4.7 Staves
 + Level 4.7 Ranged Weapons
 + Level 4.7 Throwing
 + Level 4.7 Armour
 + Level 6.6 Dodging
 + Level 10.7 Stealth
 + Level 4.7 Shields
 + Level 4.7 Unarmed Combat
 + Level 4.7 Spellcasting
 + Level 3.9 Conjurations
 + Level 3.9 Hexes
 + Level 3.9 Summonings
 + Level 3.9 Necromancy
 + Level 3.9 Translocations
 + Level 3.9 Transmutations
 + Level 3.9 Fire Magic
 + Level 3.9 Ice Magic
 + Level 3.9 Air Magic
 + Level 3.9 Earth Magic
 + Level 3.9 Poison Magic
 + Level 5.2 Invocations
 + Level 4.7 Evocations
 + Level 4.3 Shapeshifting


You had 14 spell levels left.
You knew the following spells:

 Your Spells              Type           Power      Damage    Failure   Level
a - Shock                 Conj/Air       52%        1d6       4%          1
b - Wereblood             Tmut           13%        N/A       8%          2

Your spell library contained the following spells:

 Spells                   Type           Power      Damage    Failure   Level
 Sublimation of Blood     Necr           13%        N/A       8%          2
 Swiftness                Air            13%        N/A       14%         3
 Airstrike                Air            6%         2d(1-17)  43%         4
 Olgreb's Toxic Radiance  Pois           13%        N/A       43%         4
 Irradiate                Conj/Tmut      6%         3d13      80%         5
 Summon Hydra             Summ           6%         N/A       100%        7
 Discord                  Hex            6%         N/A       100%        8
 Ignition                 Fire           6%         3d4       100%        8


Dungeon Overview and Level Annotations

Branches:
Dungeon (8/15)             Temple (1/1) D:5
   Lair: D:8-11

Altars:
Cheibriados
Dithmenos
Gozag
Hepliaklqana
Makhleb
Nemelex Xobeh
Ru
Sif Muna
Trog
Uskayaw
Wu Jian
Xom
Yredelemnul
Zin
The Shining One

Shops:
D:5 ?

Annotations:
D:5 1 runed translucent door, MrSquiggles's ghost, novice KoAr


Innate Abilities, Weirdness & Mutations

You have very sharp teeth.
Your uncanny sense of smell can sniff out nearby items.
Your experience applies equally to all skills.


Message History

The slime creature hits you but does no damage.
You impale the slime creature!!
The slime creature is severely wounded.
You completely miss the slime creature.
The slime creature is severely wounded.
The slime creature barely misses you.
You puncture the slime creature!
The slime creature is almost dead.
The slime creature hits you!
* * * LOW HITPOINT WARNING * * *
You puncture the slime creature!
You feel a bit better.
You kill the slime creature!
Found a stone staircase leading down.
You howl as the wereblood boils in your veins!
Your primal bloodlust is almost over.
The killer bee closely misses you.
The killer bee attacks as it pursues you!
The killer bee misses you.
The killer bee stings you but does no damage.
You puncture the killer bee!
You feel a bit better.
You kill the killer bee!
The slime creature attacks as it pursues you!
The slime creature hits you.
* * * LOW HITPOINT WARNING * * *
The slime creature is distracted by your dazzling golden aura.
The slime creature attacks as it pursues you!
The slime creature closely misses you.
Your primal bloodlust has ended.
The slime creature is no longer distracted by gold.
There is a stone staircase leading down here.
The slime creature hits you!
* * * LOW HITPOINT WARNING * * *
You climb downwards.
Found a scroll of identify and 11 gold pieces.
There is a stone staircase leading up here.
You puncture the slime creature!
The slime creature is moderately wounded.
The slime creature hits you!
You die...
Your body crumbles into a pile of gold.

#########
#.?....J#
∆ #@# ∆
#.# #$#
#.. ...
#.## #.#
#.#


You could see a slime creature.

Vanquished Creatures
  A slime creature (D:7)
  Sigmund (D:2)
  4 water moccasins
  4 ice beasts
  2 black bears
  2 centaurs
  An ogre (D:6)
  A phantom (D:5)
  A bullfrog (D:7)
  5 scorpions
  2 killer bees (D:7)
  A howler monkey (D:6)
  2 hounds (D:4)
  5 orc priests
  2 jellies
  2 sleepcaps (D:6)
  7 iguanas
  2 orc wizards
  9 gnolls
  12 adders
  A white imp (D:6)
  6 worms
  2 dart slugs (D:2)
  24 orcs
  5 endoplasms
  4 giant cockroaches
  5 goblins
  8 hobgoblins
  15 jackals
  4 quokkas
  3 ball pythons
  10 bats
  2 frilled lizards (D:3)
  2 kobolds
  5 rats
162 creatures vanquished.

Vanquished Creatures (others)
  A killer bee (D:7)
  An orc wizard (D:4)
2 creatures vanquished.

Grand Total: 164 creatures vanquished

Notes
Turn   | Place    | Note
-------+----------+-------------------------------------------
     0 | D:5      | Reached skill level 9 in Stealth
     0 | D:5      | croobank the Gnoll Delver began the quest for the Orb.
     0 | D:5      | Reached XP level 1. HP: 23/23 MP: 1/1
     8 | D:5      | Noticed an ice beast
   121 | D:6      | Noticed an ogre
   157 | D:6      | Noticed a centaur
   213 | D:5      | Noticed an iguana
   214 | D:5      | Found The Oracle's Delphic Readings.
   221 | D:5      | Noticed an iguana
   223 | D:5      | Noticed an iguana
   231 | D:5      | Noticed a scorpion
   326 | D:4      | Noticed a water moccasin
   397 | D:4      | Noticed an orc wizard
   397 | D:4      | Noticed an orc priest
   671 | D:3      | Reached XP level 2. HP: 27/29 MP: 2/2
   842 | D:3      | Reached XP level 3. HP: 34/35 MP: 3/3
  1007 | D:3      | Reached skill level 1 in Invocations
  1475 | D:3      | Reached skill level 1 in Long Blades
  1475 | D:3      | Reached skill level 1 in Axes
  1475 | D:3      | Reached skill level 1 in Maces & Flails
  1475 | D:3      | Reached skill level 1 in Polearms
  1475 | D:3      | Reached skill level 1 in Staves
  1475 | D:3      | Reached skill level 1 in Ranged Weapons
  1475 | D:3      | Reached skill level 1 in Throwing
  1475 | D:3      | Reached skill level 1 in Armour
  1475 | D:3      | Reached skill level 1 in Shields
  1475 | D:3      | Reached skill level 1 in Unarmed Combat
  1475 | D:3      | Reached skill level 1 in Spellcasting
  1475 | D:3      | Reached skill level 1 in Evocations
  1501 | D:3      | Found an ornate altar of the Wu Jian Council.
  1872 | D:2      | Noticed Sigmund
  1908 | D:2      | Reached skill level 1 in Shapeshifting
  1908 | D:2      | Reached XP level 4. HP: 35/41 MP: 5/5
  2081 | D:2      | Learned a level 1 spell: Shock
  2201 | D:2      | Reached skill level 1 in Conjurations
  2201 | D:2      | Reached skill level 1 in Hexes
  2201 | D:2      | Reached skill level 1 in Summonings
  2201 | D:2      | Reached skill level 1 in Necromancy
  2201 | D:2      | Reached skill level 1 in Translocations
  2201 | D:2      | Reached skill level 1 in Transmutations
  2201 | D:2      | Reached skill level 1 in Fire Magic
  2201 | D:2      | Reached skill level 1 in Ice Magic
  2201 | D:2      | Reached skill level 1 in Air Magic
  2201 | D:2      | Reached skill level 1 in Earth Magic
  2201 | D:2      | Reached skill level 1 in Poison Magic
  2238 | D:1      | Found a faded altar of an unknown god.
  2718 | D:1      | Reached XP level 5. HP: 47/47 MP: 6/6
  3511 | D:2      | Killed Sigmund
  3512 | D:2      | Reached skill level 5 in Short Blades
  3512 | D:2      | Reached skill level 5 in Dodging
  3512 | D:2      | Reached XP level 6. HP: 53/53 MP: 9/9
  3867 | D:4      | Killed a water moccasin
  4027 | D:4      | Reached XP level 7. HP: 53/59 MP: 10/10
  4982 | D:5      | Reached skill level 10 in Stealth
  5271 | D:5      | Bought a scroll of identify for 26 gold pieces
  5271 | D:5      | Bought a book of Changes for 234 gold pieces
  5274 | D:5      | Learned a level 2 spell: Wereblood
  5365 | D:5      | Found a staircase to the Ecumenical Temple.
  5384 | D:5      | Reached XP level 8. HP: 36/67 MP: 12/12
  5582 | Temple   | Entered the Ecumenical Temple
  5746 | D:5      | Found a runed translucent door.
  5751 | D:5      | Noticed MrSquiggles's ghost (novice KoAr)
  5752 | D:5      | Noticed a yak
  6908 | D:6      | Reached XP level 9. HP: 37/73 MP: 14/14
  8121 | Temple   | Became a worshipper of Gozag Ym Sagoz the Greedy
  8771 | D:7      | Reached skill level 5 in Invocations
  9176 | D:8      | Slain by a slime creature

Illustrated notes

Levels and vault maps discovered:
D:1:      dpeg_arrival_tiny_b, layout_loops_cross,
          hellmonk_ecumenical_altar_run_dry
D:2:      layout_basic, nicolae_wormholes, uniq_sigmund
D:3:      layout_basic, nzn_wu_jian_council_hall
D:4:      layout_gridville, gup_sewer_entry_glass, cheibrodos_gnoll_hut
D:5:      layout_loops_cross, minmay_temple_entry_crystal_x,
          ebering_ghost_inner_flame, chequers_serial_rivers_room_a,
          nicolae_nh_oracle_at_delphi
D:6:      black_bear_nest_2, layout_basic, minmay_fractal_squares_gapless_5
D:7:      layout_rooms, nicolae_kikubaaqudgha_miasma_corner, grunt_ministairs_1,
          palyth_stone_intersect, dreamdust_princess_corridor
D:8:      layout_loops_ring, nicolae_overflow_hallway_of_the_gods,
          uniq_gastronok
Temple:   nicolae_temple_two_arcs

Skill      XL: |  1  2  3  4  5  6  7  8  9 |
---------------+----------------------------+-----
Stealth        | 10 | 10.7
Invocations    | 1 2 3 4 5 |  5.2
Long Blades    | 1 2 3 4 |  4.7
Axes           | 1 2 3 4 |  4.7
Maces & Flails | 1 2 3 4 |  4.7
Polearms       | 1 2 3 4 |  4.7
Staves         | 1 2 3 4 |  4.7
Ranged Weapons | 1 2 3 4 |  4.7
Throwing       | 1 2 3 4 |  4.7
Armour         | 1 2 3 4 |  4.7
Shields        | 1 2 3 4 |  4.7
Unarmed Combat | 1 2 3 4 |  4.7
Spellcasting   | 1 2 3 4 |  4.7
Evocations     | 1 2 3 4 |  4.7
Shapeshifting  | 1 2 3 4 |  4.3
Conjurations   | 1 2 3 |  3.9
Hexes          | 1 2 3 |  3.9
Summonings     | 1 2 3 |  3.9
Necromancy     | 1 2 3 |  3.9
Translocations | 1 2 3 |  3.9
Transmutations | 1 2 3 |  3.9
Fire Magic     | 1 2 3 |  3.9
Ice Magic      | 1 2 3 |  3.9
Air Magic      | 1 2 3 |  3.9
Earth Magic    | 1 2 3 |  3.9
Poison Magic   | 1 2 3 |  3.9
Short Blades   | 5 6 |  6.6
Dodging        | 5 6 |  6.6
Fighting       | 7 8 |  8.1

Action                     |  1- 3 |  4- 6 |  7- 9 || total
---------------------------+-------+-------+-------++-------
  Melee: Short sword       |    91 |   150 |   402 ||   643
         Bite              |     3 |    11 |    73 ||    87
         Punch             |     1 |     2 |    11 ||    14
   Fire: Shortbow          |       |       |    15 ||    15
   Cast: Shock             |       |       |     9 ||     9
         Wereblood         |       |       |    23 ||    23
  Evoke: Wand              |     2 |     4 |     4 ||    10
    Use: Scroll            |     5 |     6 |     9 ||    20
         Potion            |     2 |       |     6 ||     8
   Stab: Sleeping          |     8 |    18 |    11 ||    37
 Armour: Leather armour    |    33 |    66 |   252 ||   351
         Skin              |       |       |     8 ||     8
  Dodge: Dodged            |    37 |   112 |   230 ||   379

Table legend: (Time is in decaauts)
 A = Elapsed time spent in this place.
 B = Non-inter-level travel time spent in this place.
 C = Inter-level travel time spent in this place.
 D = Time resting spent in this place.
 E = Time spent auto-exploring this place.
 F = Levels seen in this place.
 G = Mean time per level.
                   A        B        C        D        E       F      G
               +--------+--------+--------+--------+--------+-----+--------+
         Total |   8985 |   8531 |    454 |   2019 |   4600 |   9 |  998.3 |
       Dungeon |   8951 |   8522 |    429 |   2019 |   4600 |   8 | 1118.9 |
        Temple |     33 |      9 |     24 |      0 |      0 |   1 |   33.0 |
               +--------+--------+--------+--------+--------+-----+--------+

Top non-repeatable levels by time:
     D:5: 1799 daAuts
     D:6: 1740 daAuts
     D:4: 1527 daAuts
     D:3: 1485 daAuts
     D:2: 819 daAuts
     D:7: 800 daAuts
     D:1: 778 daAuts
  Temple: 33 daAuts
     D:8: 0 daAuts
